Golden Knights vs Capitals
Created - January 12, 2022 at 19:18
Goals
|
Golden Knights |
0 |
1 |
3 |
4 |
Capitals |
2 |
0 |
0 |
2 |
|
Shots
|
Golden Knights |
9 |
10 |
12 |
31 |
Capitals |
8 |
8 |
10 |
26 |
|
1st period
1. Capitals , Jason Pominville 4 (Derek Roy 5, T.J. Oshie 2) at 5:46
2. Capitals , Ryan Getzlaf 6 (Mark Stone 6) at 14:33
Penalties :
Wes O'Neill (Veg) for Holding (Minor) at 2:12, Cameron Gaunce (Was) for Tripping (Minor) at 14:57
2nd period
3. Golden Knights , Mats Zuccarello 2 (Jared Cowen 6) at 3:05
Penalties :
Brent Burns (Was) for Roughing (Minor) at 3:18, Patrick Sharp (Was) for Holding (Minor) at 9:44, Zach Bogosian (Veg) for Cross-checking (Minor) at 13:20, Blake Pietila (Was) for Holding Stick (Minor) at 17:01
3rd period
4. Golden Knights , Kellan Lain 3 (Michael Frolik 9, Zach Bogosian 9) at 0:33 (PP)
5. Golden Knights , Chris Tierney 2 (Clarke MacArthur 6, Mats Zuccarello 6) at 10:47
6. Golden Knights , Wes O'Neill 3 (Martin Hanzal 2, Nathan Horton 3) at 19:03 (Empty Net)
Penalties :
Jamie Benn (Was) for Holding (Minor) at 0:13, Brayden Point (Was) for Roughing (Minor) at 2:08, Mike Green (Was) for Hooking (Minor) at 19:27
Goalie Stats
Ondrej Pavelec (Veg), 24 saves from 26 shots - (0.923), W, 6-5-2, 60:00 minutes
Marc-André Fleury (Was), 27 saves from 30 shots - (0.900), L, 3-9-1, 59:05 minutes
Players Stats for Golden Knights
Player Name G A P +/- PIM S H SB GA TA FO MP PP MP PK MP
------------------------------------------------------------------------------------
Andrei Loktionov 0 0 0 0 0 4 1 1 2 1 12/28 22:35 5:37 1:44
Chris Tierney 1 0 1 2 0 1 1 0 1 4 2/3 11:49 0:00 0:27
Clarke MacArthur 0 1 1 2 0 6 2 0 0 0 1/1 16:52 5:02 1:35
Damon Severson 0 0 0 1 0 2 0 0 0 1 0/0 11:26 0:00 0:21
Jared Cowen 0 1 1 1 0 2 1 3 0 0 0/0 28:32 6:53 2:00
Kellan Lain 1 0 1 0 0 2 0 0 0 1 1/1 22:23 5:26 1:39
Martin Hanzal 0 1 1 1 0 2 1 1 0 0 3/6 7:20 0:00 0:00
Mathew Dumba 0 0 0 -1 0 0 1 0 0 1 0/0 20:23 3:54 1:58
Mats Zuccarello 1 1 2 2 0 2 2 0 0 0 1/1 11:56 0:30 0:00
Matt Stajan 0 0 0 -2 0 2 3 0 2 0 7/19 17:12 5:02 0:55
Michael Frolik 0 1 1 0 0 4 0 0 0 0 2/4 20:33 5:37 0:00
Nathan Horton 0 1 1 1 0 0 0 0 1 0 0/0 7:50 0:04 0:00
Shawn Matthias 0 0 0 1 0 0 1 0 0 0 0/0 8:50 0:04 0:35
Thomas Vanek 0 0 0 -2 0 0 1 0 0 0 0/0 11:09 0:00 0:00
Vladimir Mihalik 0 0 0 1 0 0 0 0 0 1 0/0 12:07 0:00 1:02
Wayne Simmonds 0 0 0 -2 0 1 3 1 0 0 0/0 17:10 4:59 1:01
Wes O'Neill 1 0 1 -1 2 3 0 0 1 0 0/0 20:00 3:54 1:31
Zach Bogosian 0 1 1 1 2 0 1 0 2 1 0/0 27:53 6:53 1:04
Players Stats for Capitals
Player Name G A P +/- PIM S H SB GA TA FO MP PP MP PK MP
------------------------------------------------------------------------------------
Alexei Marchenko 0 0 0 0 0 0 1 3 0 1 0/0 20:56 1:57 6:52
Blake Pietila 0 0 0 -1 2 1 2 0 0 0 0/1 15:32 1:32 3:41
Brayden Point 0 0 0 -1 2 1 2 0 0 2 7/9 14:29 1:32 1:31
Brent Burns 0 0 0 0 2 1 1 1 0 0 0/0 20:22 1:57 4:05
Cameron Gaunce 0 0 0 0 2 1 3 2 1 1 0/0 14:01 0:00 0:39
Derek Roy 0 1 1 1 0 3 4 0 0 1 17/31 21:26 2:15 6:05
Jamie Benn 0 0 0 1 2 4 0 0 0 0 1/1 15:38 0:00 1:29
Jared Spurgeon 0 0 0 0 0 0 0 0 0 0 0/0 11:14 0:00 0:39
Jason Pominville 1 0 1 1 0 2 1 0 1 0 0/1 15:21 2:14 0:00
Joe Pavelski 0 0 0 -1 0 5 1 0 0 0 0/0 16:27 0:12 5:37
Mark Stone 0 1 1 0 0 0 0 1 2 1 0/0 11:47 0:00 0:00
Michael Raffl 0 0 0 0 0 0 0 1 0 0 0/0 14:13 2:26 0:00
Mike Green 0 0 0 -1 2 0 3 2 0 2 0/0 27:45 2:01 5:22
Patrick Sharp 0 0 0 -1 2 1 0 0 0 0 0/0 9:57 0:00 0:00
Ryan Getzlaf 1 0 1 0 0 2 1 0 0 0 6/12 15:09 0:11 3:11
Sean Monahan 0 0 0 -1 0 0 0 0 1 0 3/8 8:55 0:00 0:00
T.J. Oshie 0 1 1 -1 0 0 0 0 0 0 0/0 10:08 1:32 0:00
Victor Hedman 0 0 0 -1 0 5 5 3 5 1 0/0 25:46 2:01 3:57
3 Stars
1 - Mats Zuccarello (Veg)
2 - Chris Tierney (Veg)
3 - Clarke MacArthur (Veg)
Power Play
Golden Knights - 1 on 7 Attempt(s) - 14.29%
Capitals - 0 on 2 Attempt(s) - 0.00%
Penalty Kill
Golden Knights - 2 on 2 Attempt(s) - 100.00%
- Score 0 goal in Penalty Kill
Capitals - 6 on 7 Attempt(s) - 85.71%
- Score 0 goal in Penalty Kill
Team Stat
Golden Knights - Hits : 18 - Faceoff Wins : 29 - Blocked Shots : 6 - Penalty Minutes : 4
Capitals - Hits : 24 - Faceoff Wins : 34 - Blocked Shots : 13 - Penalty Minutes : 14
Official
Referees : Trevor Hanson and Chris Lee
Linesman : Libor Suchanek and Derek Amell
Game Notes
Wes O'Neill has scored in a empty net!
Finance
Level 1 -- Attendance: 5487 (91.45%) -- Ticket Income $548,700
Level 2 -- Attendance: 4636 (92.72%) -- Ticket Income $278,160
Level 3 -- Attendance: 1957 (97.85%) -- Ticket Income $68,495
Level 4 -- Attendance: 3563 (89.08%) -- Ticket Income $89,075
Luxury Box -- Attendance: 956 (95.60%) -- Ticket Income $191,200
Game was played at the Capital One Arena.
Total Attendance: 16599 (92.22%)
Total Ticket Income: $1,175,630
Other Income: $176,344
Total Income: $1,351,974
Golden Knights
5 vs 5 Forward
Center Left Wing Right Wing Time % Phy DF OF
1 Andrei Loktionov Kellan Lain Michael Frolik 40 1 2 2
2 Matt Stajan Thomas Vanek Wayne Simmonds 30 1 2 2
3 Chris Tierney Clarke MacArthur Mats Zuccarello 20 1 2 2
4 Martin Hanzal Shawn Matthias Nathan Horton 10 1 2 2
5 vs 5 Defense
Defense Defense Time % Phy DF OF
1 Zach Bogosian Jared Cowen 40 1 2 2
2 Mathew Dumba Wes O'Neill 30 1 2 2
3 Vladimir Mihalik Damon Severson 20 1 2 2
4 Zach Bogosian Jared Cowen 10 1 2 2
PowerPlay Forward
Center Left Wing Right Wing Time % Phy DF OF
1 Andrei Loktionov Kellan Lain Michael Frolik 60 1 2 2
2 Matt Stajan Clarke MacArthur Wayne Simmonds 40 1 2 2
PowerPlay Defense
Defense Defense Time % Phy DF OF
1 Zach Bogosian Jared Cowen 60 1 2 2
2 Mathew Dumba Wes O'Neill 40 1 2 2
Penalty Kill 4 Players Forward
Center Wing Time % Phy DF OF
1 Andrei Loktionov Kellan Lain 60 1 2 2
2 Matt Stajan Clarke MacArthur 40 1 2 2
Penalty Kill 4 Players Defense
Defense Defense Time % Phy DF OF
1 Zach Bogosian Jared Cowen 60 1 2 2
2 Mathew Dumba Wes O'Neill 40 1 2 2
Penalty Kill - 3 Players Forward
Forward Time % Phy DF OF
1 Andrei Loktionov 60 1 2 2
2 Matt Stajan 40 1 2 2
Penalty Kill - 3 Players Defense
Defense Defense Time % Phy DF OF
1 Zach Bogosian Jared Cowen 60 1 2 2
2 Mathew Dumba Wes O'Neill 40 1 2 2
4 vs 4 Forward
Center Wing Time % Phy DF OF
1 Andrei Loktionov Kellan Lain 60 1 2 2
2 Matt Stajan Clarke MacArthur 40 1 2 2
4 vs 4 Defense
Defense Defense Time % Phy DF OF
1 Zach Bogosian Jared Cowen 60 1 2 2
2 Mathew Dumba Wes O'Neill 40 1 2 2
Last Minutes Offensive
Center Left Wing Right Wing Defense Defense
Andrei Loktionov Kellan Lain Michael Frolik Zach Bogosian Jared Cowen
Last Minutes Defensive
Center Left Wing Right Wing Defense Defense
Andrei Loktionov Kellan Lain Michael Frolik Zach Bogosian Jared Cowen
Goaltenders
Starting : Ondrej Pavelec
Backup : Matt Hackett
Extra Forwards
Normal : Wayne Simmonds, Mats Zuccarello, Nathan Horton - PP : Wayne Simmonds, Mats Zuccarello - PK : Wayne Simmonds
Extra Defensemen
Normal : Wes O'Neill, Vladimir Mihalik, Damon Severson - PP : Wes O'Neill - PK : Wes O'Neill, Vladimir Mihalik
Penalty Shots
Michael Frolik, Andrei Loktionov, Kellan Lain, Matt Stajan, Wayne Simmonds
Scratches
Jamie Oleksiak (Healthy)
Capitals
5 vs 5 Forward
Center Left Wing Right Wing Time % Phy DF OF
1 Derek Roy Jamie Benn Jason Pominville 35 1 1 3
2 Ryan Getzlaf Michael Raffl Mark Stone 25 1 1 3
3 Brayden Point Blake Pietila Joe Pavelski 20 1 2 2
4 Sean Monahan Patrick Sharp T.J. Oshie 20 1 3 1
5 vs 5 Defense
Defense Defense Time % Phy DF OF
1 Victor Hedman Mike Green 40 1 2 2
2 Brent Burns Cameron Gaunce 30 1 2 2
3 Alexei Marchenko Jared Spurgeon 20 1 3 1
4 Victor Hedman Mike Green 10 1 1 3
PowerPlay Forward
Center Left Wing Right Wing Time % Phy DF OF
1 Derek Roy Michael Raffl Jason Pominville 60 1 1 3
2 Brayden Point Blake Pietila T.J. Oshie 40 1 1 3
PowerPlay Defense
Defense Defense Time % Phy DF OF
1 Mike Green Victor Hedman 60 1 2 2
2 Brent Burns Alexei Marchenko 40 1 2 2
Penalty Kill 4 Players Forward
Center Wing Time % Phy DF OF
1 Derek Roy Joe Pavelski 60 1 3 1
2 Ryan Getzlaf Blake Pietila 40 1 3 1
Penalty Kill 4 Players Defense
Defense Defense Time % Phy DF OF
1 Mike Green Alexei Marchenko 60 1 3 1
2 Victor Hedman Brent Burns 40 1 3 1
Penalty Kill - 3 Players Forward
Forward Time % Phy DF OF
1 Derek Roy 60 1 2 2
2 Ryan Getzlaf 40 1 2 2
Penalty Kill - 3 Players Defense
Defense Defense Time % Phy DF OF
1 Mike Green Brent Burns 60 1 2 2
2 Victor Hedman Alexei Marchenko 40 1 2 2
4 vs 4 Forward
Center Wing Time % Phy DF OF
1 Derek Roy Jason Pominville 60 1 2 2
2 Brayden Point Jamie Benn 40 1 2 2
4 vs 4 Defense
Defense Defense Time % Phy DF OF
1 Mike Green Brent Burns 60 1 2 2
2 Victor Hedman Alexei Marchenko 40 1 2 2
Last Minutes Offensive
Center Left Wing Right Wing Defense Defense
Derek Roy Brayden Point Jason Pominville Mike Green Victor Hedman
Last Minutes Defensive
Center Left Wing Right Wing Defense Defense
Derek Roy Ryan Getzlaf Joe Pavelski Mike Green Alexei Marchenko
Goaltenders
Starting : Marc-André Fleury
Backup : Keith Kinkaid
Extra Forwards
Normal : Jason Pominville, Brayden Point, T.J. Oshie - PP : Jason Pominville, Brayden Point - PK : Derek Roy
Extra Defensemen
Normal : Mike Green, Victor Hedman, Brent Burns - PP : Mike Green - PK : Mike Green, Alexei Marchenko
Penalty Shots
Brayden Point, Michael Raffl, Mark Stone, Mike Green, Victor Hedman
Scratches
Dustin Brown (Healthy), Trevor Daley (Healthy), William Karlsson (Healthy)
% Time on Ice - Golden Knights
Lines # - Real PCT - Wanted PCT - Time Play
Normal Forward
1 - 34% - 40% - 15:18
2 - 25% - 30% - 11:15
3 - 25% - 20% - 11:22
4 - 16% - 10% - 7:20
Normal Defense
1 - 41% - 40% - 18:34
2 - 32% - 30% - 14:31
3 - 24% - 20% - 11:05
4 - 2% - 10% - 1:05
PP Forward
1 - 53% - 60% - 5:41
2 - 47% - 40% - 5:06
PP Defense
1 - 64% - 60% - 6:53
2 - 36% - 40% - 3:54
PK Forward
1 - 77% - 60% - 3:03
2 - 23% - 40% - 0:55
PK Defense
1 - 50% - 60% - 2:00
2 - 50% - 40% - 1:58
PK3 Forward
1 - 0% - 60%
2 - 0% - 40%
PK3 Defense
1 - 0% - 60%
2 - 0% - 40%
44 Forward
1 - 0% - 60%
2 - 0% - 40%
44 Defense
1 - 0% - 60%
2 - 0% - 40%
Last Minute Offensive - 0:00
Last Minute Defensive - 0:00
Total
Forward - 60:00
Defense - 60:00
|
% Time on Ice - Capitals
Lines # - Real PCT - Wanted PCT - Time Play
Normal Forward
1 - 32% - 35% - 14:20
2 - 26% - 25% - 11:53
3 - 22% - 20% - 10:07
4 - 20% - 20% - 8:55
Normal Defense
1 - 42% - 40% - 19:08
2 - 32% - 30% - 14:29
3 - 23% - 20% - 10:23
4 - 3% - 10% - 1:15
PP Forward
1 - 61% - 60% - 2:26
2 - 39% - 40% - 1:32
PP Defense
1 - 51% - 60% - 2:01
2 - 49% - 40% - 1:57
PK Forward
1 - 75% - 60% - 8:08
2 - 25% - 40% - 2:39
PK Defense
1 - 57% - 60% - 6:11
2 - 43% - 40% - 4:36
PK3 Forward
1 - 0% - 60%
2 - 0% - 40%
PK3 Defense
1 - 0% - 60%
2 - 0% - 40%
44 Forward
1 - 0% - 60%
2 - 0% - 40%
44 Defense
1 - 0% - 60%
2 - 0% - 40%
Last Minute Offensive - 0:00
Last Minute Defensive - 0:00
Total
Forward - 60:00
Defense - 60:00
|
Play-by-Play
1st period
0:01 of 1st period - Jamie Benn wins face-off versus Michael Frolik in neutral zone.
0:30 of 1st period - Kellan Lain is hit by Jason Pominville and loses puck.
0:45 of 1st period - Wrist shot by Michael Frolik.
0:45 of 1st period - Shot Blocked by Victor Hedman.
1:25 of 1st period - Wrist shot by Michael Frolik.
1:25 of 1st period - Shot Misses the Net.
1:27 of 1st period - Wrist shot by Andrei Loktionov.
1:27 of 1st period - Shot Blocked by Mike Green.
1:29 of 1st period - Wrist shot by Jared Cowen.
1:29 of 1st period - Stopped by Marc-André Fleury without a rebound.
1:30 of 1st period - Matt Stajan wins face-off versus Ryan Getzlaf in Capitals zone.
1:33 of 1st period - Wrist shot by Wayne Simmonds.
1:33 of 1st period - Stopped by Marc-André Fleury with a rebound.
1:35 of 1st period - Slapshot by Wes O'Neill.
1:35 of 1st period - Stopped by Marc-André Fleury without a rebound.
1:36 of 1st period - Matt Stajan wins face-off versus Ryan Getzlaf in Capitals zone.
2:12 of 1st period - Minor Penalty to Wes O'Neill for Holding.
2:13 of 1st period - Brayden Point wins face-off versus Andrei Loktionov in Golden Knights zone.
2:15 of 1st period - Slapshot by Victor Hedman.
2:15 of 1st period - Stopped by Ondrej Pavelec with a rebound.
4:12 of 1st period - Penalty to Wes O'Neill is over, Wes O'Neill is back on ice.
4:22 of 1st period - Wrist shot by Matt Stajan.
4:22 of 1st period - Stopped by Marc-André Fleury with a rebound.
4:24 of 1st period - Slapshot by Martin Hanzal.
4:24 of 1st period - Stopped by Marc-André Fleury without a rebound.
4:25 of 1st period - Martin Hanzal wins face-off versus Ryan Getzlaf in Capitals zone.
4:28 of 1st period - Snap shot by Nathan Horton.
4:28 of 1st period - Shot Misses the Net.
4:30 of 1st period - Slapshot by Vladimir Mihalik.
4:30 of 1st period - Deflect By Nathan Horton.
4:30 of 1st period - Shot Misses the Net.
4:30 of 1st period - Puck is out of play.
4:31 of 1st period - Ryan Getzlaf wins face-off versus Matt Stajan in Capitals zone.
4:58 of 1st period - Brayden Point is hit by Chris Tierney and loses puck.
5:07 of 1st period - Damon Severson is hit by Mike Green and loses puck.
5:46 of 1st period - Wrist shot by Jason Pominville.
5:46 of 1st period - Goal by Jason Pominville - Golden Knights : 0 - Capitals : 1.
5:47 of 1st period - Ryan Getzlaf wins face-off versus Matt Stajan in neutral zone.
6:26 of 1st period - Slapshot by Joe Pavelski.
6:26 of 1st period - Shot Misses the Net.
7:01 of 1st period - Wrist shot by Damon Severson.
7:01 of 1st period - Stopped by Marc-André Fleury without a rebound.
7:02 of 1st period - Derek Roy wins face-off versus Matt Stajan in Capitals zone.
7:15 of 1st period - Snap shot by Derek Roy.
7:15 of 1st period - Shot Blocked by Wayne Simmonds.
8:13 of 1st period - Patrick Sharp is hit by Mathew Dumba and loses puck.
8:53 of 1st period - Michael Raffl is hit by Andrei Loktionov and loses puck.
9:01 of 1st period - Off-side.
9:02 of 1st period - Derek Roy wins face-off versus Andrei Loktionov in neutral zone.
9:21 of 1st period - Michael Frolik is hit by Derek Roy and loses puck.
9:36 of 1st period - Wrist shot by Joe Pavelski.
9:36 of 1st period - Stopped by Ondrej Pavelec with a rebound.
11:25 of 1st period - Wrist shot by Mats Zuccarello.
11:25 of 1st period - Shot Blocked by Michael Raffl.
11:36 of 1st period - Icing by Mike Green.
11:37 of 1st period - Ryan Getzlaf wins face-off versus Martin Hanzal in Capitals zone.
11:42 of 1st period - Wrist shot by Derek Roy.
11:42 of 1st period - Deflect By Wes O'Neill.
11:42 of 1st period - Shot Blocked by Martin Hanzal.
11:42 of 1st period - Puck is out of play.
11:43 of 1st period - Martin Hanzal wins face-off versus Derek Roy in Golden Knights zone.
12:10 of 1st period - Slapshot by Wes O'Neill.
12:10 of 1st period - Shot Misses the Net.
12:12 of 1st period - Wrist shot by Shawn Matthias.
12:12 of 1st period - Shot Misses the Net.
12:14 of 1st period - Snap shot by Nathan Horton.
12:14 of 1st period - Shot Misses the Net.
12:16 of 1st period - Snap shot by Martin Hanzal.
12:16 of 1st period - Stopped by Marc-André Fleury without a rebound.
12:17 of 1st period - Andrei Loktionov wins face-off versus Blake Pietila in Capitals zone.
12:18 of 1st period - Wrist shot by Michael Frolik.
12:18 of 1st period - Shot Blocked by Victor Hedman.
12:46 of 1st period - Icing by T.J. Oshie.
12:47 of 1st period - Matt Stajan wins face-off versus Sean Monahan in Capitals zone.
13:29 of 1st period - Icing by Jared Spurgeon.
13:30 of 1st period - Chris Tierney wins face-off versus Derek Roy in Capitals zone.
14:16 of 1st period - Jared Cowen is hit by Mike Green and loses puck.
14:25 of 1st period - Wrist shot by Joe Pavelski.
14:25 of 1st period - Stopped by Ondrej Pavelec without a rebound.
14:26 of 1st period - Ryan Getzlaf wins face-off versus Matt Stajan in Golden Knights zone.
14:33 of 1st period - Snap shot by Ryan Getzlaf.
14:33 of 1st period - Goal by Ryan Getzlaf - Golden Knights : 0 - Capitals : 2.
14:34 of 1st period - Andrei Loktionov wins face-off versus Sean Monahan in neutral zone.
14:43 of 1st period - Slapshot by Michael Frolik.
14:43 of 1st period - Stopped by Marc-André Fleury with a rebound.
14:45 of 1st period - Slapshot by Andrei Loktionov.
14:45 of 1st period - Shot Blocked by Cameron Gaunce.
14:57 of 1st period - Minor Penalty to Cameron Gaunce for Tripping.
14:58 of 1st period - Andrei Loktionov wins face-off versus Derek Roy in Capitals zone.
16:49 of 1st period - Icing by Mathew Dumba.
16:50 of 1st period - Derek Roy wins face-off versus Matt Stajan in Golden Knights zone.
16:57 of 1st period - Penalty to Cameron Gaunce is over, Cameron Gaunce is back on ice.
17:46 of 1st period - Slapshot by Andrei Loktionov.
17:46 of 1st period - Stopped by Marc-André Fleury with a rebound.
18:02 of 1st period - Jason Pominville is hit by Zach Bogosian and loses puck.
18:25 of 1st period - Wrist shot by Mats Zuccarello.
18:25 of 1st period - Shot Misses the Net.
18:59 of 1st period - Slapshot by Brent Burns.
18:59 of 1st period - Deflect By Joe Pavelski.
18:59 of 1st period - Stopped by Ondrej Pavelec without a rebound.
19:00 of 1st period - Brayden Point wins face-off versus Matt Stajan in Golden Knights zone.
19:09 of 1st period - Snap shot by Joe Pavelski.
19:09 of 1st period - Shot Misses the Net.
19:29 of 1st period - Slapshot by Jamie Benn.
19:29 of 1st period - Stopped by Ondrej Pavelec with a rebound.
19:31 of 1st period - Slapshot by Brent Burns.
19:31 of 1st period - Shot Blocked by Jared Cowen.
19:33 of 1st period - Slapshot by Cameron Gaunce.
19:33 of 1st period - Stopped by Ondrej Pavelec with a rebound.
Goals for this period are 0 for Golden Knights vs 2 for Capitals.
Shots for this period are 9 for Golden Knights vs 8 for Capitals.
2nd period
0:01 of 2nd period - Andrei Loktionov wins face-off versus Derek Roy in neutral zone.
0:26 of 2nd period - Zach Bogosian is hit by Victor Hedman.
0:30 of 2nd period - Ryan Getzlaf is hit by Wayne Simmonds.
0:52 of 2nd period - Slapshot by Victor Hedman.
0:52 of 2nd period - Stopped by Ondrej Pavelec without a rebound.
0:53 of 2nd period - Derek Roy wins face-off versus Andrei Loktionov in Golden Knights zone.
1:46 of 2nd period - Off-side.
1:47 of 2nd period - Andrei Loktionov wins face-off versus Derek Roy in neutral zone.
2:11 of 2nd period - Icing by Derek Roy.
2:12 of 2nd period - Sean Monahan wins face-off versus Matt Stajan in Capitals zone.
2:27 of 2nd period - Slapshot by T.J. Oshie.
2:27 of 2nd period - Shot Misses the Net.
2:49 of 2nd period - Slapshot by Michael Frolik.
2:49 of 2nd period - Shot Blocked by Victor Hedman.
3:05 of 2nd period - Snap shot by Mats Zuccarello.
3:05 of 2nd period - Goal by Mats Zuccarello - Golden Knights : 1 - Capitals : 2.
3:06 of 2nd period - Andrei Loktionov wins face-off versus Derek Roy in neutral zone.
3:11 of 2nd period - Snap shot by Michael Frolik.
3:11 of 2nd period - Shot Misses the Net.
3:18 of 2nd period - Minor Penalty to Brent Burns for Roughing.
3:19 of 2nd period - Andrei Loktionov wins face-off versus Derek Roy in Capitals zone.
3:46 of 2nd period - Joe Pavelski is hit by Clarke MacArthur and loses puck.
4:27 of 2nd period - Slapshot by Victor Hedman.
4:27 of 2nd period - Stopped by Ondrej Pavelec with a rebound.
5:18 of 2nd period - Penalty to Brent Burns is over, Brent Burns is back on ice.
5:27 of 2nd period - Martin Hanzal is hit by Mike Green and loses puck.
5:58 of 2nd period - Wayne Simmonds is hit by Cameron Gaunce and loses puck.
6:12 of 2nd period - Icing by Chris Tierney.
6:13 of 2nd period - Mats Zuccarello wins face-off versus Ryan Getzlaf in Golden Knights zone.
6:20 of 2nd period - Mark Stone is hit by Mats Zuccarello and loses puck.
6:39 of 2nd period - Off-side.
6:40 of 2nd period - Andrei Loktionov wins face-off versus Derek Roy in neutral zone.
6:45 of 2nd period - Snap shot by Kellan Lain.
6:45 of 2nd period - Shot Misses the Net.
6:47 of 2nd period - Snap shot by Damon Severson.
6:47 of 2nd period - Stopped by Marc-André Fleury with a rebound.
6:49 of 2nd period - Snap shot by Andrei Loktionov.
6:49 of 2nd period - Shot Misses the Net.
6:51 of 2nd period - Slapshot by Vladimir Mihalik.
6:51 of 2nd period - Shot Blocked by Alexei Marchenko.
7:06 of 2nd period - Off-side.
7:07 of 2nd period - Brayden Point wins face-off versus Matt Stajan in neutral zone.
7:12 of 2nd period - Snap shot by Joe Pavelski.
7:12 of 2nd period - Stopped by Ondrej Pavelec without a rebound.
7:13 of 2nd period - Derek Roy wins face-off versus Matt Stajan in Golden Knights zone.
7:20 of 2nd period - Snap shot by Jason Pominville.
7:20 of 2nd period - Stopped by Ondrej Pavelec without a rebound.
7:21 of 2nd period - Michael Frolik wins face-off versus Derek Roy in Golden Knights zone.
7:21 of 2nd period - Michael Frolik is hit by Victor Hedman.
8:28 of 2nd period - Off-side.
8:29 of 2nd period - Ryan Getzlaf wins face-off versus Martin Hanzal in neutral zone.
8:42 of 2nd period - Wrist shot by Mark Stone.
8:42 of 2nd period - Shot Misses the Net.
8:44 of 2nd period - Snap shot by Victor Hedman.
8:44 of 2nd period - Stopped by Ondrej Pavelec with a rebound.
8:53 of 2nd period - Icing by Vladimir Mihalik.
8:54 of 2nd period - Brayden Point wins face-off versus Andrei Loktionov in Golden Knights zone.
9:44 of 2nd period - Minor Penalty to Patrick Sharp for Holding.
9:45 of 2nd period - Derek Roy wins face-off versus Matt Stajan in Capitals zone.
9:45 of 2nd period - Derek Roy is hit by Matt Stajan.
11:44 of 2nd period - Penalty to Patrick Sharp is over, Patrick Sharp is back on ice.
11:52 of 2nd period - Brayden Point is hit by Martin Hanzal and loses puck.
12:29 of 2nd period - Wrist shot by Jamie Benn.
12:29 of 2nd period - Shot Misses the Net.
12:53 of 2nd period - Snap shot by Brayden Point.
12:53 of 2nd period - Stopped by Ondrej Pavelec without a rebound.
12:54 of 2nd period - Matt Stajan wins face-off versus Ryan Getzlaf in Golden Knights zone.
12:54 of 2nd period - Zach Bogosian is hit by Cameron Gaunce and loses puck.
13:20 of 2nd period - Minor Penalty to Zach Bogosian for Cross-checking.
13:21 of 2nd period - Derek Roy wins face-off versus Andrei Loktionov in Golden Knights zone.
13:33 of 2nd period - Snap shot by Derek Roy.
13:33 of 2nd period - Stopped by Ondrej Pavelec with a rebound.
13:58 of 2nd period - Kellan Lain is hit by Brent Burns and loses puck.
14:15 of 2nd period - Vladimir Mihalik is hit by Derek Roy and loses puck.
14:43 of 2nd period - Snap shot by Jason Pominville.
14:43 of 2nd period - Shot Misses the Net.
15:01 of 2nd period - Shawn Matthias is hit by Alexei Marchenko and loses puck.
15:20 of 2nd period - Penalty to Zach Bogosian is over, Zach Bogosian is back on ice.
15:37 of 2nd period - Off-side.
15:38 of 2nd period - Sean Monahan wins face-off versus Matt Stajan in neutral zone.
15:46 of 2nd period - T.J. Oshie is hit by Thomas Vanek and loses puck.
16:01 of 2nd period - Slapshot by Damon Severson.
16:01 of 2nd period - Shot Misses the Net.
16:03 of 2nd period - Wrist shot by Clarke MacArthur.
16:03 of 2nd period - Stopped by Marc-André Fleury with a rebound.
16:05 of 2nd period - Snap shot by Chris Tierney.
16:05 of 2nd period - Deflect By Clarke MacArthur.
16:05 of 2nd period - Stopped by Marc-André Fleury without a rebound.
16:06 of 2nd period - Matt Stajan wins face-off versus Sean Monahan in Capitals zone.
16:15 of 2nd period - Patrick Sharp is hit by Wayne Simmonds and loses puck.
16:39 of 2nd period - Wrist shot by Michael Frolik.
16:39 of 2nd period - Deflect By Kellan Lain.
16:39 of 2nd period - Shot Blocked by Cameron Gaunce.
16:39 of 2nd period - Puck is out of play.
16:40 of 2nd period - Andrei Loktionov wins face-off versus Brayden Point in Capitals zone.
16:53 of 2nd period - Slapshot by Michael Frolik.
16:53 of 2nd period - Deflect By Kellan Lain.
16:53 of 2nd period - Stopped by Marc-André Fleury with a rebound.
16:55 of 2nd period - Snap shot by Michael Frolik.
16:55 of 2nd period - Shot Blocked by Alexei Marchenko.
17:01 of 2nd period - Minor Penalty to Blake Pietila for Holding Stick.
17:02 of 2nd period - Derek Roy wins face-off versus Andrei Loktionov in Capitals zone.
17:52 of 2nd period - Clarke MacArthur is hit by Derek Roy and loses puck.
18:01 of 2nd period - Brent Burns is hit by Wayne Simmonds.
18:05 of 2nd period - Snap shot by Wayne Simmonds.
18:05 of 2nd period - Shot Misses the Net.
18:07 of 2nd period - Slapshot by Jared Cowen.
18:07 of 2nd period - Stopped by Marc-André Fleury with a rebound.
18:09 of 2nd period - Snap shot by Matt Stajan.
18:09 of 2nd period - Shot Misses the Net.
18:11 of 2nd period - Wrist shot by Clarke MacArthur.
18:11 of 2nd period - Stopped by Marc-André Fleury with a rebound.
18:13 of 2nd period - Slapshot by Jared Cowen.
18:13 of 2nd period - Deflect By Matt Stajan.
18:13 of 2nd period - Shot Blocked by Brent Burns.
18:13 of 2nd period - Puck is out of play.
18:14 of 2nd period - Kellan Lain wins face-off versus Ryan Getzlaf in Capitals zone.
18:15 of 2nd period - Snap shot by Michael Frolik.
18:15 of 2nd period - Stopped by Marc-André Fleury with a rebound.
18:17 of 2nd period - Snap shot by Wes O'Neill.
18:17 of 2nd period - Shot Blocked by Mike Green.
18:23 of 2nd period - Snap shot by Andrei Loktionov.
18:23 of 2nd period - Stopped by Marc-André Fleury with a rebound.
18:25 of 2nd period - Wrist shot by Michael Frolik.
18:25 of 2nd period - Stopped by Marc-André Fleury without a rebound.
18:26 of 2nd period - Derek Roy wins face-off versus Andrei Loktionov in Capitals zone.
19:01 of 2nd period - Penalty to Blake Pietila is over, Blake Pietila is back on ice.
19:49 of 2nd period - Snap shot by Jamie Benn.
19:49 of 2nd period - Stopped by Ondrej Pavelec without a rebound.
19:50 of 2nd period - Matt Stajan wins face-off versus Derek Roy in Golden Knights zone.
Goals for this period are 1 for Golden Knights vs 0 for Capitals.
Shots for this period are 10 for Golden Knights vs 8 for Capitals.
3rd period
0:01 of 3rd period - Andrei Loktionov wins face-off versus Jason Pominville in neutral zone.
0:13 of 3rd period - Minor Penalty to Jamie Benn for Holding.
0:14 of 3rd period - Derek Roy wins face-off versus Andrei Loktionov in Capitals zone.
0:25 of 3rd period - Slapshot by Jared Cowen.
0:25 of 3rd period - Shot Misses the Net.
0:27 of 3rd period - Wrist shot by Andrei Loktionov.
0:27 of 3rd period - Stopped by Marc-André Fleury without a rebound.
0:28 of 3rd period - Michael Frolik wins face-off versus Derek Roy in Capitals zone.
0:31 of 3rd period - Wrist shot by Michael Frolik.
0:31 of 3rd period - Stopped by Marc-André Fleury with a rebound.
0:33 of 3rd period - Wrist shot by Kellan Lain.
0:33 of 3rd period - Goal by Kellan Lain - Golden Knights : 2 - Capitals : 2.
0:34 of 3rd period - Derek Roy wins face-off versus Andrei Loktionov in neutral zone.
0:41 of 3rd period - Wrist shot by Jamie Benn.
0:41 of 3rd period - Shot Blocked by Andrei Loktionov.
0:43 of 3rd period - Wrist shot by Jamie Benn.
0:43 of 3rd period - Stopped by Ondrej Pavelec without a rebound.
0:44 of 3rd period - Derek Roy wins face-off versus Andrei Loktionov in Golden Knights zone.
0:45 of 3rd period - Wrist shot by Jason Pominville.
0:45 of 3rd period - Shot Blocked by Jared Cowen.
0:47 of 3rd period - Snap shot by Derek Roy.
0:47 of 3rd period - Stopped by Ondrej Pavelec without a rebound.
0:48 of 3rd period - Andrei Loktionov wins face-off versus Derek Roy in Golden Knights zone.
1:15 of 3rd period - Zach Bogosian is hit by Victor Hedman and loses puck.
2:08 of 3rd period - Minor Penalty to Brayden Point for Roughing.
2:09 of 3rd period - Derek Roy wins face-off versus Andrei Loktionov in Capitals zone.
2:36 of 3rd period - Matt Stajan is hit by Blake Pietila and loses puck.
2:45 of 3rd period - Snap shot by Ryan Getzlaf.
2:45 of 3rd period - Shot Blocked by Jared Cowen.
4:08 of 3rd period - Penalty to Brayden Point is over, Brayden Point is back on ice.
5:00 of 3rd period - Nathan Horton is hit by Brayden Point and loses puck.
5:35 of 3rd period - Mathew Dumba is hit by Derek Roy and loses puck.
7:00 of 3rd period - Michael Frolik is hit by Ryan Getzlaf and loses puck.
7:13 of 3rd period - Clarke MacArthur is hit by Cameron Gaunce and loses puck.
7:30 of 3rd period - Jason Pominville is hit by Shawn Matthias and loses puck.
7:45 of 3rd period - Icing by Brayden Point.
7:46 of 3rd period - Brayden Point wins face-off versus Matt Stajan in Capitals zone.
7:46 of 3rd period - Brayden Point is hit by Matt Stajan.
7:52 of 3rd period - Matt Stajan is hit by Joe Pavelski and loses puck.
8:09 of 3rd period - Snap shot by Michael Frolik.
8:09 of 3rd period - Shot Misses the Net.
8:11 of 3rd period - Slapshot by Wes O'Neill.
8:11 of 3rd period - Stopped by Marc-André Fleury with a rebound.
8:13 of 3rd period - Snap shot by Andrei Loktionov.
8:13 of 3rd period - Stopped by Marc-André Fleury with a rebound.
8:41 of 3rd period - Wrist shot by Clarke MacArthur.
8:41 of 3rd period - Stopped by Marc-André Fleury without a rebound.
8:42 of 3rd period - Andrei Loktionov wins face-off versus Derek Roy in Capitals zone.
9:15 of 3rd period - Slapshot by Matt Stajan.
9:15 of 3rd period - Shot Misses the Net.
9:41 of 3rd period - Slapshot by Blake Pietila.
9:41 of 3rd period - Stopped by Ondrej Pavelec without a rebound.
9:42 of 3rd period - Derek Roy wins face-off versus Andrei Loktionov in Golden Knights zone.
10:09 of 3rd period - Matt Stajan is hit by Victor Hedman and loses puck.
10:32 of 3rd period - Snap shot by Clarke MacArthur.
10:32 of 3rd period - Stopped by Marc-André Fleury without a rebound.
10:33 of 3rd period - Clarke MacArthur wins face-off versus Sean Monahan in Capitals zone.
10:47 of 3rd period - Wrist shot by Clarke MacArthur.
10:47 of 3rd period - Deflect By Chris Tierney.
10:47 of 3rd period - Goal by Chris Tierney - Golden Knights : 3 - Capitals : 2.
10:48 of 3rd period - Derek Roy wins face-off versus Andrei Loktionov in neutral zone.
10:59 of 3rd period - Slapshot by Derek Roy.
10:59 of 3rd period - Stopped by Ondrej Pavelec with a rebound.
11:01 of 3rd period - Snap shot by Jason Pominville.
11:01 of 3rd period - Shot Misses the Net.
11:03 of 3rd period - Wrist shot by Jason Pominville.
11:03 of 3rd period - Shot Misses the Net.
11:05 of 3rd period - Slapshot by Victor Hedman.
11:05 of 3rd period - Stopped by Ondrej Pavelec with a rebound.
11:15 of 3rd period - Mike Green is hit by Matt Stajan and loses puck.
11:50 of 3rd period - Cameron Gaunce is hit by Clarke MacArthur and loses puck.
12:05 of 3rd period - Snap shot by Jamie Benn.
12:05 of 3rd period - Stopped by Ondrej Pavelec with a rebound.
13:37 of 3rd period - Wrist shot by Ryan Getzlaf.
13:37 of 3rd period - Stopped by Ondrej Pavelec without a rebound.
13:38 of 3rd period - Brayden Point wins face-off versus Michael Frolik in Golden Knights zone.
14:10 of 3rd period - Matt Stajan is hit by Victor Hedman and loses puck.
14:25 of 3rd period - Michael Raffl is hit by Mats Zuccarello and loses puck.
14:30 of 3rd period - Snap shot by Mats Zuccarello.
14:30 of 3rd period - Shot Blocked by Mark Stone.
14:32 of 3rd period - Snap shot by Clarke MacArthur.
14:32 of 3rd period - Stopped by Marc-André Fleury without a rebound.
14:33 of 3rd period - Derek Roy wins face-off versus Andrei Loktionov in Capitals zone.
15:04 of 3rd period - Snap shot by Matt Stajan.
15:04 of 3rd period - Stopped by Marc-André Fleury without a rebound.
15:05 of 3rd period - Ryan Getzlaf wins face-off versus Chris Tierney in Capitals zone.
15:05 of 3rd period - Ryan Getzlaf is hit by Jared Cowen.
15:29 of 3rd period - Slapshot by Mark Stone.
15:29 of 3rd period - Shot Misses the Net.
16:57 of 3rd period - Snap shot by Mats Zuccarello.
16:57 of 3rd period - Stopped by Marc-André Fleury without a rebound.
16:58 of 3rd period - Sean Monahan wins face-off versus Andrei Loktionov in Capitals zone.
17:03 of 3rd period - Slapshot by Patrick Sharp.
17:03 of 3rd period - Stopped by Ondrej Pavelec with a rebound.
17:15 of 3rd period - Snap shot by Andrei Loktionov.
17:15 of 3rd period - Shot Misses the Net.
17:31 of 3rd period - Off-side.
17:32 of 3rd period - Brayden Point wins face-off versus Martin Hanzal in neutral zone.
17:37 of 3rd period - Slapshot by Brent Burns.
17:37 of 3rd period - Stopped by Ondrej Pavelec without a rebound.
17:38 of 3rd period - Martin Hanzal wins face-off versus Brayden Point in Golden Knights zone.
17:38 of 3rd period - Martin Hanzal is hit by Brayden Point.
18:08 of 3rd period - Capitals, Marc-André Fleury is pulled from the net.
18:14 of 3rd period - Wrist shot by Joe Pavelski.
18:14 of 3rd period - Stopped by Ondrej Pavelec with a rebound.
18:16 of 3rd period - Wrist shot by Joe Pavelski.
18:16 of 3rd period - Shot Misses the Net.
18:18 of 3rd period - Wrist shot by Joe Pavelski.
18:18 of 3rd period - Shot Misses the Net.
18:51 of 3rd period - Snap shot by Nathan Horton.
18:51 of 3rd period - Shot Blocked by Alexei Marchenko.
19:01 of 3rd period - Wrist shot by Martin Hanzal.
19:01 of 3rd period - Shot Misses the Net.
19:03 of 3rd period - Wrist shot by Wes O'Neill.
19:03 of 3rd period - Goal by Wes O'Neill - Golden Knights : 4 - Capitals : 2.
19:03 of 3rd period - Marc-André Fleury from Capitals was sent back in the game.
19:04 of 3rd period - Chris Tierney wins face-off versus Sean Monahan in neutral zone.
19:27 of 3rd period - Minor Penalty to Mike Green for Hooking.
19:28 of 3rd period - Derek Roy wins face-off versus Andrei Loktionov in Capitals zone.
19:56 of 3rd period - Icing by Clarke MacArthur.
19:57 of 3rd period - Matt Stajan wins face-off versus Derek Roy in Golden Knights zone.
19:57 of 3rd period - Matt Stajan is hit by Blake Pietila.
Goals for this period are 3 for Golden Knights vs 0 for Capitals.
Shots for this period are 12 for Golden Knights vs 10 for Capitals.